Map: Lerilak Crest

Players

MorN - Winner!

  • Race: Terran Terran

Saadistic

  • Race: Protoss Protoss
  • League: Platinum

VOD

Have the link to the VOD?

Description

Time

  • Played on: Nov. 17, 2015, 12:58 a.m.
  • Length: 9:11
Show
View Real Time Build Order
Export as new Build Order

MorN Terran - Winner!

Build Orders: MMM Bio 

Get SALT Encoding   

  12  0:00  SCV  
  13  0:12  SCV  
  14  0:17  Supply Depot  
  14  0:25  SCV  
  15  0:38  SCV  
  15  0:40  Barracks  
  16  0:44  Refinery  
  16  0:50  SCV  
  17  1:03  SCV  
  18  1:15  SCV  
  19  1:26  Marine  
  19  1:27  Orbital Command  
  20  1:44  Command Center  
  20  1:55  Marine  
  20  2:01  Factory  
  21  2:08  Supply Depot  
  21  2:09  SCV  
  22  2:16  Marine  
  23  2:30  SCV  
  23  2:34  Marine  
  25  2:42  SCV, Barracks  
  26  2:45  Factory Tech Lab  
  26  2:53  Marine  
  26  2:54  SCV  
  26  2:57  Orbital Command  
  28  3:06  SCV  
  28  3:07  Cyclone  
  32  3:18  SCV  
  32  3:19  Supply Depot  
  33  3:20  Refinery  
  33  3:22  Marine  
  34  3:29  Engineering Bay  
  34  3:34  SCV x2  
  36  3:47  Stimpack, Marine  
  37  3:54  Barracks Reactor  
  38  4:02  SCV  
  38  4:07  SCV  
  38  4:09  Marine  
  39  4:12  Factory Reactor  
  39  4:15  Barracks  
  39  4:21  Starport  
  39  4:27  Marine  
  39  4:28  SCV x2  
  42  4:34  Command Center  
  42  4:35  Marine x2  
  44  4:40  SCV  
  44  4:44  Marine  
  43  4:47  Missile Turret  
  40  4:53  Marine  
  40  4:54  SCV x2  
  40  4:57  Marine  
  44  5:01  Missile Turret  
  44  5:02  Marine  
  45  5:14  SCV  
  45  5:15  Medivac  
  45  5:16  Medivac  
  45  5:20  SCV, Refinery  
  51  5:23  Barracks Tech Lab, Marine  
  51  5:24  Marine  
  51  5:26  SCV  
  54  5:35  Supply Depot  
  54  5:44  Supply Depot  
  54  5:45  SCV x2, Factory Reactor, Marine  
  54  5:48  Orbital Command  
  57  5:51  Combat Shields  
  54  5:57  SCV x2  
  54  5:59  Medivac  
  58  6:07  Marine  
  58  6:08  Marauder  
  58  6:10  SCV x2  
  63  6:16  Terran Infantry Weapons Level 1  
  63  6:18  SCV  
  63  6:21  Refinery  
  63  6:22  SCV x2  
  66  6:30  Marine x2  
  66  6:31  Widow Mine, Marauder x2  
  68  6:59  Marine x2  
  68  7:00  Marauder x2, Widow Mine x2  
  68  7:01  Medivac x2  
  81  7:02  Orbital Command  
  81  7:05  SCV x2  
  81  7:07  Barracks  
  83  7:10  Barracks  
  83  7:17  SCV, Marine  
  85  7:25  Supply Depot  
  85  7:27  Supply Depot  
  85  7:28  Widow Mine, Marine  
  85  7:29  Liberator x2, Marauder x2  
  92  7:30  SCV, Supply Depot  
  93  7:46  Marine x2  
  93  7:50  Marauder x2  
  105  7:52  SCV  
  105  7:54  SCV x2  
  108  8:04  SCV, Marine  
  110  8:11  SCV x2, Marine  
  110  8:12  Marauder  
  116  8:17  Marine  
  117  8:26  Barracks Reactor, Barracks Tech Lab, Marine  
  116  8:29  SCV x2  
  116  8:30  Supply Depot x2  
  116  8:33  Marauder  
  117  8:35  Marauder  
  117  8:38  Supply Depot  
  119  8:41  Marine  
  119  8:47  Supply Depot  
  128  8:55  SCV x2  
Show
View Real Time Build Order
Export as new Build Order

Saadistic Protoss 

Build Orders: Oracle Opening 

Get SALT Encoding   

  12  0:01  Probe (Chrono Boost)  
  13  0:17  Probe (Chrono Boost), Pylon  
  14  0:28  Probe (Chrono Boost)  
  15  0:39  Probe (Chrono Boost), Gateway  
  16  0:49  Probe (Chrono Boost)  
  17  0:52  Assimilator  
  17  0:57  Assimilator  
  17  1:00  Probe (Chrono Boost)  
  18  1:11  Probe (Chrono Boost)  
  19  1:26  Probe (Chrono Boost), Pylon  
  19  1:28  Cybernetics Core  
  20  1:37  Probe (Chrono Boost)  
  21  1:47  Probe (Chrono Boost)  
  21  1:58  Probe (Chrono Boost)  
  22  2:10  Nexus  
  22  2:13  Probe (Chrono Boost)  
  23  2:21  Adept (Chrono Boost)  
  25  2:24  Probe  
  25  2:28  Warp Gate (Chrono Boost)  
  28  2:37  Mothership Core (Chrono Boost)  
  28  2:53  Stargate  
  28  2:55  Adept  
  28  2:56  Probe (Chrono Boost)  
  31  3:04  Pylon  
  31  3:21  Probe  
  31  3:22  Probe  
  33  3:28  Adept  
  33  3:33  Probe  
  36  3:34  Gateway  
  36  3:35  Probe  
  36  3:40  Oracle (Chrono Boost)  
  40  3:45  Probe  
  41  3:57  Probe  
  41  3:58  Probe  
  43  4:08  Probe  
  42  4:11  Probe, Gateway  
  42  4:13  Oracle (Chrono Boost)  
  46  4:18  Probe  
  46  4:23  Probe  
  48  4:29  Probe  
  47  4:35  Probe  
  48  4:38  Mothership Core  
  48  4:40  Pylon  
  48  4:42  Pylon  
  50  4:47  Probe  
  51  4:57  Adept  
  51  4:58  Probe, Adept  
  51  4:59  Probe  
  54  5:08  Probe  
  54  5:11  Probe  
  56  5:15  Twilight Council  
  56  5:18  Forge x2  
  56  5:19  Probe  
  57  5:23  Probe, Pylon  
  57  5:24  Assimilator  
  57  5:26  Assimilator  
  58  5:29  Probe  
  60  5:35  Probe  
  60  5:43  Probe  
  60  5:47  Probe, Adept x3  
  68  5:53  Probe  
  69  5:59  Probe  
  69  6:02  Protoss Ground Armor Level 1 (Chrono Boost)  
  70  6:05  Probe  
  70  6:07  Protoss Ground Weapons Level 1 (Chrono Boost)  
  70  6:10  Charge  
  71  6:13  Templar Archives  
  71  6:14  Nexus  
  71  6:15  Pylon  
  71  6:17  Assimilator  
  71  6:20  Probe x2  
  71  6:21  Adept  
  71  6:22  Assimilator  
  75  6:25  Sentry  
  71  6:55  Adept  
  71  6:56  Adept x2  
  75  7:02  Probe x2  
  75  7:03  Psionic Storm  
  75  7:07  Pylon  
  77  7:09  Nexus  
  77  7:11  Assimilator  
  77  7:14  Probe, Pylon  
  77  7:15  Pylon  
  78  7:17  Pylon x2  
  78  7:25  Probe  
  78  7:26  Probe, High Templar x2  
  84  7:32  High Templar  
  86  7:37  Probe  
  86  7:39  Probe, Gateway  
  86  7:41  Gateway  
  86  7:42  Gateway  
  88  7:46  Gateway, Photon Cannon  
  88  7:49  Probe  
  88  7:51  Probe  
  75  8:16  Stalker x3  
  54  8:39  Stalker x3  
  54  8:40  Stalker x2  
  64  8:46  Probe  
  64  8:47  Probe  
  64  8:58  Probe  
  64  8:59  Probe  
Tags
 
Add a new tag
Caveats
  • Supply blocks, unpowered buildings, or Contaminate may cause inaccurate times.
  • Supply counts are checked every 10 seconds.